 Dungeon Crawl Stone Soup version 0.24-a0-249-g2af7e83 (webtiles) character file.

Game seed: 500584646027726782

30412 puppykicker the Cleaver (level 13, -1/111 HPs)
             Began as a Minotaur Necromancer on Apr 13, 2019.
             Was a High Priest of Kikubaaqudgha.
             Slain by a komodo dragon (3 damage)
             ... while petrified by a basilisk
             ... on level 2 of the Lair of Beasts.
             The game lasted 01:01:02 (18629 turns).

puppykicker the Cleaver (Minotaur Necromancer)     Turns: 18629, Time: 01:01:02

Health: -1/111     AC: 24    Str: 18    XL:     13   Next: 20%
Magic:  21/21      EV:  2    Int: 18    God:    Kikubaaqudgha [*****.]
Gold:   850        SH:  0    Dex: 11    Spells: 1/24 levels left

rFire    . . .     SeeInvis .   a - +1 broad axe (flame)
rCold    + . .     Gourm    .   E - +0 shield
rNeg     + + +     Faith    .   I - +7 ring mail of Homoffit {*Contam rC+ Int+4}
rPois    ∞         Spirit   .   J - +2 hat
rElec    .         Reflect  .   F - +0 cloak
rCorr    .         Harm     .   d - +2 pair of gloves
MR       .....                  u - +0 pair of boots
Stlth    +.........             (no amulet)
HPRegen  0.28/turn              k - +2 ring of protection
MPRegen  0.17/turn              l - +2 ring of strength

@: petrified
A: retaliatory headbutt, horns 2
a: Receive Corpses, Torment, Renounce Religion


You were on level 2 of the Lair of Beasts.
You worshipped Kikubaaqudgha.
Kikubaaqudgha was extremely pleased with you.
You were not hungry.

You visited 3 branches of the dungeon, and saw 18 of its levels.

You collected 850 gold pieces.


Innate Abilities, Weirdness & Mutations

You reflexively headbutt those who attack you in melee.
You have a pair of horns on your head.


   Skills:
 - Level 9.4 Fighting
 + Level 10.1 Axes
 - Level 9.5 Armour
 - Level 9.0 Dodging
 - Level 1.5 Stealth
 + Level 7.4 Shields
 - Level 6.0 Spellcasting
 - Level 2.0 Charms
 + Level 9.5 Necromancy
 - Level 2.0 Translocations


You had one spell level left.
You knew the following spells:

 Your Spells              Type           Power        Failure   Level  Hunger
a - Pain                  Necr           ####         1%          1    None
b - Dispel Undead         Necr           #####...     26%         5    #####..
c - Vampiric Draining     Necr           #####.....   3%          3    ##.....
d - Bolt of Draining      Conj/Necr      ###.......   89%         5    #####..
g - Apportation           Tloc           ##....       22%         1    None
r - Regeneration          Chrm/Necr      ####......   14%         3    ##.....
z - Animate Skeleton      Necr           N/A          1%          1    None
Z - Animate Dead          Necr           N/A          10%         4    ####...

Your spell library contained the following spells:

 Spells                   Type           Power        Failure   Level  Hunger
 Confusing Touch          Hex            #.....       45%         1    None
 Flame Tongue             Conj/Fire      #....        45%         1    None
 Summon Small Mammal      Summ           #...         45%         1    None
 Sublimation of Blood     Necr           #####.....   1%          2    None
 Agony                    Necr           #####...     26%         5    #####..
 Throw Flame              Conj/Fire      #.....       58%         2    None
 Excruciating Wounds      Chrm/Necr      ####......   78%         5    #####..
 Conjure Flame            Conj/Fire      #.......     83%         3    ##.....
 Inner Flame              Hex/Fire       #.......     83%         3    ##.....
 Sticky Flame             Conj/Fire      #.......     99%         4    ####...
 Summon Lightning Spire   Summ/Air       #.......     99%         4    ####...
 Fireball                 Conj/Fire      #.........   100%        5    #####..
 Silence                  Hex/Air        #.........   100%        5    #####..
 Conjure Ball Lightning   Conj/Air       #.........   100%        6    #######
 Deflect Missiles         Chrm/Air       #.........   100%        6    #######
 Simulacrum               Ice/Necr       ###.......   100%        6    #######
 Tornado                  Air            #.........   100%        9    #######

Inventory:

Hand Weapons
 a - a +1 broad axe of flaming (weapon)
 b - a +0 hunting sling
Missiles
 t - 100 bolts
 z - 141 sling bullets
Armour
 d - a +2 pair of gloves (worn)
 u - a +0 pair of boots (worn)
 E - a +0 shield (worn)
 F - a +0 cloak (worn)
 I - the +7 ring mail of Homoffit (worn) {*Contam rC+ Int+4}
   (You found it on level 6 of the Dungeon)

   It affects your intelligence (+4).
   It protects you from cold.
   It causes magical contamination when unequipped.
 J - a +2 hat (worn)
Magical Staves
 L - an uncursed staff of energy
Jewellery
 k - a +2 ring of protection (left hand)
 l - a +2 ring of strength (right hand)
 y - an uncursed ring of protection from cold
 C - an uncursed ring of see invisible
 D - an uncursed ring of flight
Wands
 s - a wand of iceblast (6)
 P - a wand of flame (14)
Scrolls
 i - 3 scrolls of enchant armour
 m - 7 scrolls of remove curse
 n - a scroll of holy word
 p - 12 scrolls of teleportation
 q - 4 scrolls of blinking
 r - a scroll of amnesia
 w - a scroll of fog
 B - 2 scrolls of fear
 K - a scroll of enchant weapon {unknown}
Potions
 e - 3 potions of magic
 f - 4 potions of flight
 g - a potion of agility
 j - 2 potions of brilliance
 o - 5 potions of lignification {!q}
 v - 2 potions of heal wounds
 x - 2 potions of berserk rage
 A - a potion of mutation {!q}
 G - 4 potions of curing
 H - 2 potions of might
 O - a potion of resistance
 T - a potion of invisibility
Comestibles
 c - 20 rations
 h - a chunk of flesh {@w1}

Dungeon Overview and Level Annotations

Branches:
Dungeon (15/15)            Temple (1/1) D:7            Lair (2/6) D:10
    Orc (0/2) D:11         Vaults (0/5) D:14         Depths (0/5) D:15
  Swamp: Lair:2-4    Shoals: Lair:2-4     Snake: Lair:2-4    Spider: Lair:2-4

Altars:
Ashenzari
Cheibriados
Dithmenos
Elyvilon
Fedhas
Gozag
Hepliaklqana
Kikubaaqudgha
Makhleb
Nemelex Xobeh
Okawaru
Qazlal
Ru
Sif Muna
Trog
Uskayaw
Vehumet
Wu Jian
Xom
Yredelemnul
Zin
The Shining One

Portals:
Trove: D:11 (give 8 potions of haste)

Annotations:
D:9 2 transporters, Zi's ghost, journeyman NaVM
D:14 Rupert; Urug
Lair:2 exclusion: oklob plant

#### ### ####### ### ######
)#.####.#####..##.######.###P##.#
...............................##
#................[....#..#.###.#
#P.P....##....#ll....P#.######.#
###.....##..####@......##.###P.#
P#.#...........##......+...###.#
.#.#....#P......#....#.....###.#
.....%..##.....##....##P[..##..##
####....##...#..#....P#.....#..P#
#.....#..##......<..#######.##
#P................#####.###..#
#.................##.#...##.P#
.............................#


You could see a komodo dragon and a basilisk.


Message History

The basilisk gazes at you.
You easily resist.
Unknown command.
Unknown command.
The basilisk gazes at you.
You easily resist.
You are no longer corroded.
The basilisk gazes at you.
You are slowing down.
Your limbs are stiffening.
You have turned to stone.
The komodo dragon bites you!!
* * * LOW HITPOINT WARNING * * *
The komodo dragon bites you.
* * * LOW HITPOINT WARNING * * *
The basilisk bites you.
* * * LOW HITPOINT WARNING * * *
The komodo dragon bites you!
* * * LOW HITPOINT WARNING * * *
The basilisk gazes at you.
You easily resist.
The komodo dragon bites you.
* * * LOW HITPOINT WARNING * * *
The basilisk bites you but does no damage.
The komodo dragon bites you but does no damage.
The basilisk bites you.
* * * LOW HITPOINT WARNING * * *
The komodo dragon bites you!
You die...
Kikubaaqudgha rasps: "You have failed me!
Welcome... oblivion!"

Action                   |  1- 3 |  4- 6 |  7- 9 | 10-12 | 13-15 || total
-------------------------+-------+-------+-------+-------+-------++-------
Melee: Unarmed           |    10 |       |       |       |       ||    10
       Hand axe          |    84 |       |    49 |       |       ||   133
       Headbutt          |    10 |    27 |    45 |   133 |    19 ||   234
       Halberd           |       |   147 |    52 |   230 |       ||   429
       Flail             |       |       |    88 |       |       ||    88
       Dire flail        |       |       |    78 |    79 |       ||   157
       Broad axe         |       |       |       |   376 |    86 ||   462
       Battleaxe         |       |       |       |     2 |       ||     2
 Fire: Hunting sling     |       |    13 |       |       |       ||    13
       Shortbow          |       |       |     4 |    61 |       ||    65
Throw: Throwing net      |       |       |       |     1 |       ||     1
 Cast: Animate Skeleton  |    12 |     9 |    17 |    42 |    11 ||    91
       Pain              |     7 |       |       |       |       ||     7
       Vampiric Draining |       |       |     8 |    71 |     3 ||    82
       Animate Dead      |       |       |       |     2 |       ||     2
       Regeneration      |       |       |       |     2 |       ||     2
Evoke: Wand              |       |       |    15 |    34 |    32 ||    81
  Use: Scroll            |       |    14 |     6 |    12 |     1 ||    33
       Potion            |       |       |       |     2 |       ||     2
 Stab: Sleeping          |     5 |       |       |       |       ||     5
       Paralysed         |       |       |       |     4 |       ||     4
       Distracted        |       |       |       |     2 |       ||     2
  Eat: Chunk             |     2 |     8 |     9 |    33 |     3 ||    55
       Ration            |       |       |     1 |     1 |     1 ||     3
Armor: Robe              |    26 |     3 |       |       |       ||    29
       Leather armour    |       |    52 |       |       |       ||    52
       Ring mail         |       |    24 |   156 |   566 |    52 ||   798
Dodge: Dodged            |    91 |   149 |   227 |   738 |    46 ||  1251
Block: Shield            |       |       |       |   139 |    48 ||   187

Levels and vault maps discovered:
D:1:      dpeg_arrival_simpleton_a, layout_basic, grunt_decor_fettered,
          kennysheep_nondescript, chequers_serial_rivers_room_b
D:2:      layout_loops_ring, nicolae_overflow_hidden_temple, first_ration
D:3:      layout_rooms, portal_sewer_entry_e, serial_bayou_ford_a,
          hex_intersection
D:4:      minmay_thinvault, layout_gridville, lemuel_doored_altar,
          elyvilon_altar_4
D:5:      layout_rooms, nicolae_gozag_cash_rules_everything_around_me,
          hangedman_decor_growths, uniq_pikel
D:6:      layout_basic, lemuel_round_altar, uniq_menkaure, uniq_duvessa,
          uniq_edmund
D:7:      layout_gridville, minmay_temple_entry_mist, uniq_joseph,
          uniq_prince_ribbit1
D:8:      layout_loops_ring, slow_altar_2, serial_bayou, serial_bayou_pond_b,
          serial_bayou_lake_a, basic_altar
D:9:      layout_basic, gammafunk_ghost_wrathful_warriors
D:10:     layout_cross, serial_gnoll_camp, hangedman_fish_farm
D:11:     minmay_tri_box, layout_irregular_city, orc_0_dummy, serial_ice,
          serial_ice_a, serial_ice_k, serial_ice_o, serial_ice_m,
          portal_ice_cave_entry_imps, enter_trove_2, eino_house_with_fridge,
          uniq_grum
D:12:     layout_grid_maze, uniq_fannar
D:13:     layout_rooms, uniq_nessos
D:14:     layout_roguey, david_vaults_3, minmay_diamond_spiral
D:15:     grunt_enter_depths_hoard, layout_basic, grunt_decor_resistance,
          minivault_16
Temple:   nicolae_temple_great_sept
Lair:1:   layout_concentric_octagons, st_stairs_8, lemuel_oklob_altar,
          grunt_megastairs_1
Lair:2:   layout_regular_city, st_stairs_5, chequers_serial_rivers_micro_d,
          cheibrodos_lair_reptile_den

Notes
Turn   | Place    | Note
-------+----------+-------------------------------------------
     0 | D:1      | puppykicker the Minotaur Necromancer began the quest for
                  | the Orb.
     0 | D:1      | Reached XP level 1. HP: 14/14 MP: 1/1
    37 | D:1      | Reached skill level 3 in Necromancy
   152 | D:1      | Learned a level 1 spell: Animate Skeleton
   382 | D:1      | Reached skill level 1 in Fighting
   382 | D:1      | Reached skill level 1 in Armour
   382 | D:1      | Reached XP level 2. HP: 8/23 MP: 0/3
   692 | D:1      | Reached XP level 3. HP: 25/28 MP: 4/4
  1566 | D:1      | Reached XP level 4. HP: 10/36 MP: 0/5
  1913 | D:2      | Reached skill level 2 in Armour
  1913 | D:2      | Reached skill level 3 in Dodging
  1924 | D:2      | Reached skill level 2 in Fighting
  1928 | D:2      | Reached skill level 2 in Spellcasting
  2096 | D:2      | Found a radiant altar of Vehumet.
  2098 | D:2      | Found a bloodstained altar of Trog.
  2103 | D:2      | Learned a level 3 spell: Vampiric Draining
  2265 | D:2      | Found an ornate altar of the Wu Jian Council.
  2265 | D:2      | Found an iron altar of Okawaru.
  2312 | D:3      | Reached XP level 5. HP: 41/41 MP: 7/7
  2708 | D:3      | You fall through a shaft for 2 floors!
  2708 | D:5      | Entered Level 5 of the Dungeon
  2813 | D:4      | Noticed a phantom
  2844 | D:4      | Killed a phantom
  2844 | D:4      | Reached skill level 3 in Fighting
  2844 | D:4      | Reached skill level 3 in Armour
  2844 | D:4      | Reached XP level 6. HP: 16/51 MP: 8/8
  3494 | D:4      | Found a white marble altar of Elyvilon.
  3521 | D:4      | Reached skill level 4 in Dodging
  3644 | D:4      | Found a blossoming altar of Fedhas.
  3658 | D:4      | Reached XP level 7. HP: 52/58 MP: 9/9
  3786 | D:4      | Reached skill level 4 in Necromancy
  3948 | D:4      | Reached skill level 4 in Fighting
  4152 | D:4      | Reached skill level 4 in Armour
  4303 | D:5      | Found an opulent altar of Gozag.
  4326 | D:5      | Noticed Pikel
  4338 | D:5      | Killed Pikel
  4338 | D:5      | Reached skill level 5 in Fighting
  4338 | D:5      | Reached skill level 5 in Dodging
  4338 | D:5      | Reached skill level 3 in Spellcasting
  4338 | D:5      | Reached XP level 8. HP: 68/68 MP: 11/11
  4352 | D:5      | Reached skill level 5 in Armour
  4892 | D:6      | Noticed Menkaure
  4903 | D:6      | Killed Menkaure
  4914 | D:6      | HP: 7/70 [centaur/arrow (5)]
  4936 | D:6      | Learned a level 1 spell: Apportation
  4940 | D:6      | Learned a level 3 spell: Regeneration
  4945 | D:6      | Learned a level 4 spell: Animate Dead
  5241 | D:6      | Noticed Edmund
  5255 | D:6      | Killed Edmund
  5255 | D:6      | Reached skill level 6 in Fighting
  5255 | D:6      | Reached skill level 6 in Armour
  5255 | D:6      | Reached skill level 6 in Dodging
  5255 | D:6      | Reached skill level 5 in Necromancy
  5287 | D:6      | Reached XP level 9. HP: 60/75 MP: 13/13
  5291 | D:6      | Noticed Duvessa
  5302 | D:6      | Noticed Dowan
  5308 | D:6      | Killed Duvessa
  5318 | D:6      | Killed Dowan
  5338 | D:6      | Reached skill level 4 in Spellcasting
  5529 | D:6      | Got a faintly humming ring mail
  5540 | D:6      | Identified the +7 ring mail of Homoffit {*Contam rC+ Int+4}
                  | (You found it on level 6 of the Dungeon)
  5945 | D:6      | Found a sacrificial altar of Ru.
  6237 | D:7      | Reached skill level 1 in Translocations
  6427 | D:7      | Reached skill level 1 in Charms
  6548 | D:7      | Found a staircase to the Ecumenical Temple.
  6558 | Temple   | Entered the Ecumenical Temple
  6638 | Temple   | Became a worshipper of Kikubaaqudgha
  6759 | D:7      | Noticed Joseph
  6777 | D:7      | Killed Joseph
  6777 | D:7      | Reached skill level 7 in Armour
  6801 | D:7      | Reached skill level 7 in Fighting
  6851 | D:7      | Reached skill level 7 in Dodging
  6904 | D:7      | Noticed Prince Ribbit
  7234 | D:7      | Killed Prince Ribbit
  7359 | D:8      | Reached XP level 10. HP: 71/86 MP: 15/15
  7515 | D:8      | Reached skill level 2 in Translocations
  7761 | D:8      | Found a blossoming altar of Fedhas.
  7781 | D:8      | Reached skill level 2 in Charms
  7853 | D:8      | Reached * piety under Kikubaaqudgha
  7853 | D:8      | Identified Kikubaaqudgha's Tome of Dark Arts (Kikubaaqudgha
                  | gifted it to you on level 8 of the Dungeon)
  7853 | D:8      | Received a gift from Kikubaaqudgha
  8326 | D:8      | Found a snail-covered altar of Cheibriados.
  8715 | D:9      | Found a transporter.
  8719 | D:9      | Noticed a two-headed ogre
  8725 | D:9      | Noticed Zi's ghost (journeyman NaVM)
  8734 | D:9      | Found a transporter.
  8939 | D:9      | Noticed a moth of wrath
  8947 | D:9      | Identified the +7 battleaxe "Newtslayer" {drain, rF+ rN+}
  8947 | D:9      | Noticed a tengu warrior
  8948 | D:9      | Found a bloodstained altar of Trog.
  8949 | D:9      | Identified the +2 great mace of the Fool {freeze, Int+7}
  8949 | D:9      | Noticed a two-headed ogre
  9289 | D:10     | Entered Level 10 of the Dungeon
  9299 | D:10     | Reached skill level 8 in Armour
  9299 | D:10     | Reached skill level 6 in Necromancy
  9409 | D:10     | Reached skill level 8 in Fighting
  9592 | D:10     | Reached skill level 5 in Spellcasting
  9672 | D:10     | Found a staircase to the Lair.
 10042 | D:9      | Reached skill level 8 in Dodging
 10045 | D:9      | Reached ** piety under Kikubaaqudgha
 10319 | D:10     | Noticed a two-headed ogre
 10333 | D:10     | Killed a two-headed ogre
 10358 | D:10     | Reached XP level 11. HP: 92/92 MP: 17/17
 10631 | D:11     | Noticed a white ugly thing
 10631 | D:11     | Noticed Grum
 10659 | D:9      | Killed a white ugly thing
 10827 | D:11     | Noticed a red ugly thing
 10850 | D:9      | Killed a red ugly thing
 10850 | D:9      | Reached skill level 9 in Armour
 10852 | D:9      | Reached skill level 9 in Fighting
 11140 | D:11     | Killed Grum
 11177 | D:11     | Found a staircase to the Orcish Mines.
 11689 | D:11     | Reached *** piety under Kikubaaqudgha
 11689 | D:11     | Identified Kikubaaqudgha's Compendium of Darkness
                  | (Kikubaaqudgha gifted it to you on level 11 of the Dungeon)
 11689 | D:11     | Received a gift from Kikubaaqudgha
 11697 | D:11     | Learned a level 5 spell: Dispel Undead
 11736 | D:11     | Noticed a tengu warrior
 11776 | D:11     | Killed a tengu warrior
 11781 | D:11     | Killed an unseen horror
 11781 | D:11     | Reached skill level 9 in Dodging
 12101 | D:11     | Reached skill level 1 in Axes
 12300 | D:11     | Noticed a white ugly thing
 12311 | D:11     | Killed a white ugly thing
 12311 | D:11     | Reached skill level 2 in Axes
 12311 | D:11     | Reached skill level 7 in Necromancy
 12326 | D:11     | Got a dazzling scale mail
 12327 | D:11     | Identified the +2 scale mail of Vihiju {rElec MR+ Regen+
                  | Int-3} (You found it on level 11 of the Dungeon)
 12541 | D:11     | Found a portal to a secret trove of treasure.
 12580 | D:11     | Reached skill level 6 in Spellcasting
 12663 | D:11     | Reached skill level 3 in Axes
 12766 | D:11     | Noticed a necromancer
 12792 | D:11     | Killed a necromancer
 12792 | D:11     | Reached skill level 4 in Axes
 13336 | D:12     | Reached **** piety under Kikubaaqudgha
 13341 | D:12     | Reached skill level 5 in Axes
 13651 | D:12     | Noticed a cyan ugly thing
 13663 | D:12     | Killed a cyan ugly thing
 13663 | D:12     | Reached XP level 12. HP: 65/102 MP: 13/20
 13683 | D:12     | Noticed a two-headed ogre
 13693 | D:12     | Killed a two-headed ogre
 13693 | D:12     | Reached skill level 6 in Axes
 13693 | D:12     | Reached skill level 8 in Necromancy
 13931 | D:12     | Noticed Fannar
 13951 | D:12     | Killed Fannar
 14538 | D:12     | Learned a level 5 spell: Bolt of Draining
 14828 | D:13     | Reached skill level 1 in Shields
 14831 | D:13     | Reached skill level 7 in Axes
 14862 | D:13     | You fall through a shaft for 2 floors!
 14862 | D:15     | Entered Level 15 of the Dungeon
 14909 | D:15     | Reached skill level 2 in Shields
 15159 | D:14     | Noticed a centaur warrior
 15170 | D:14     | Killed a centaur warrior
 15170 | D:14     | Reached skill level 3 in Shields
 15257 | D:14     | Reached skill level 8 in Axes
 15262 | D:13     | Noticed a two-headed ogre
 15293 | D:12     | Reached skill level 4 in Shields
 15479 | D:13     | Killed a two-headed ogre
 15601 | D:13     | Identified a potion of resistance
 15609 | D:13     | Noticed a two-headed ogre
 15615 | D:13     | Killed a two-headed ogre
 15724 | D:13     | Noticed Nessos
 15751 | D:12     | Reached skill level 5 in Shields
 15875 | D:13     | Reached skill level 9 in Necromancy
 16002 | D:13     | Reached skill level 9 in Axes
 16189 | D:13     | Paralysed by Nessos for 7 turns
 16215 | D:13     | Killed Nessos
 16215 | D:13     | Reached skill level 6 in Shields
 16549 | D:14     | Found a gate to the Vaults.
 16549 | D:14     | Noticed Urug
 16549 | D:14     | Noticed Rupert
 16549 | D:14     | Noticed a centaur warrior
 16549 | D:14     | Noticed a two-headed ogre
 16549 | D:14     | Noticed a two-headed ogre
 16578 | D:13     | Killed a two-headed ogre
 16952 | Lair:1   | Entered Level 1 of the Lair of Beasts
 16989 | Lair:1   | Reached XP level 13. HP: 70/111 MP: 8/21
 17369 | Lair:1   | Reached ***** piety under Kikubaaqudgha
 17454 | Lair:1   | Reached skill level 7 in Shields
 17590 | Lair:1   | Reached skill level 10 in Axes
 17768 | Lair:1   | Found a deep blue altar of Sif Muna.
 18625 | Lair:2   | HP: 10/111 [basilisk (2)]
 18626 | Lair:2   | HP: 3/111 [komodo dragon (7)]
 18628 | Lair:2   | HP: 1/111 [basilisk (1)]
 18629 | Lair:2   | Slain by a komodo dragon

Vanquished Creatures
  Nessos (D:13)
  A centaur warrior (D:14)
  5 two-headed ogres
  A tengu warrior (D:11)
  2 unseen horrors
  Pikel (D:5)
  A necromancer (D:11)
  An oklob plant (Lair:1)
  A deep elf mage (D:12)
  4 ugly things
  A cyclops (D:14)
  A manticore (D:11)
  A centaur zombie (D:13)
  A guardian serpent (shapeshifter) (D:12)
  A gargoyle (D:15)
  Joseph (D:7)
  2 black mambas (Lair:1)
  2 kobold demonologists
  A komodo dragon (Lair:1)
  A rime drake (Lair:1)
  3 trolls
  A merfolk (D:10)
  Prince Ribbit (D:7)
  3 slime creatures (D:13)
  2 hippogriffs
  A spriggan (shapeshifter) (D:12)
  A redback (D:11)
  26 yaks
  A steam dragon (D:10)
  Grum (D:11)
  A wraith (D:14)
  A basilisk (D:12)
  6 vampire mosquitoes
  7 humans (D:13)
  Edmund (D:6)
  Menkaure (D:6)
  A porcupine (Lair:1)
  3 water moccasins
  Duvessa (D:6)
  6 ice beasts
  An orc warrior (D:11)
  5 phantoms
  A sky beast (D:13)
  2 black bears (D:11)
  An eye of draining (D:11)
  5 necrophages
  7 wolves
  2 ogres
  10 centaurs
  2 crocodiles
  A big kobold (D:7)
  5 bullfrogs
  2 gnoll sergeants
  Dowan (D:6)
  2 wyvern skeletons
  7 scorpions
  3 howler monkeys
  10 wights
  5 electric eels (D:8)
  4 bullfrog zombies
  3 crimson imps
  3 orc priests
  3 bullfrog skeletons
  5 jellies
  2 orc wizards
  9 hounds
  4 centaur skeletons
  An iguana (D:13)
  2 polar bear simulacra (D:11)
  6 worker ants
  3 yak simulacra (D:11)
  3 wolf simulacra (D:11)
  A hound skeleton (D:4)
  18 adders
  17 gnolls
  3 river rats (D:3)
  A shadow imp (D:5)
  15 white imps (D:11)
  2 worker ant simulacra (D:11)
  An ufetubus (D:11)
  4 oozes
  5 worms
  2 dart slugs
  6 leopard geckos
  19 orcs
  3 ball pythons (D:3)
  7 giant cockroaches
  7 goblins
  10 hobgoblins
  12 jackals
  9 kobolds
  5 quokkas
  5 bats
  4 frilled lizards
  A quokka skeleton (D:4)
  7 rats
  3 river rat simulacra (D:11)
  2 plants (Lair:1)
387 creatures vanquished.

Vanquished Creatures (collateral kills)
  Fannar (D:12)
  A spiny frog (Lair:1)
  A porcupine (Lair:1)
  An ice beast (D:11)
  An eye of draining (D:11)
  A wolf (D:11)
  A crocodile (D:13)
  A bullfrog (D:7)
  2 electric eels (D:11)
  A centaur zombie (D:6)
  A gnoll (D:6)
  3 jackals (D:8)
  A rat (D:3)
  A plant (D:8)
17 creatures vanquished.

Vanquished Creatures (others)
  An orc wizard (D:6)
  A white imp (D:11)
  An orc (D:11)
  3 fungi (Lair:1)
6 creatures vanquished.

Grand Total: 410 creatures vanquished
